 Dungeon Crawl Stone Soup version 0.31.0-11-ge490571c62 (webtiles) character file.

Game seed: 16304316088227509352

33 qw the Shooter (level 3, 0/20 HPs)
             Began as a Deep Elf Hunter on Feb 4, 2024.
             Succumbed to their own poison gas
             ... on level 2 of the Dungeon.
             The game lasted 00:00:05 (1624 turns).

qw the Shooter (Deep Elf Hunter)                    Turns: 1624, Time: 00:00:05

Health: 0/20       AC:  6    Str: 10    XL:     3   Next: 12%
Magic:  5/5        EV: 16    Int: 13    God:
Gold:   159        SH:  0    Dex: 18    Spells: 2/2 levels left

rFire   . . .        c - +1 hand cannon (freeze)
rCold   . . .        (no shield)
rNeg    . . .        f - +0 ring mail
rPois   .            (no helmet)
rElec   .            (no cloak)
rCorr   .            (no gloves)
SInv    .            b - +0 pair of boots
Will    .....        (no amulet)
Stlth   +            h - +5 ring of evasion
HPRegen 0.23/turn    (no ring)
MPRegen 0.09/turn

%: no passive effects
@: lethally poisoned (0 -> -8)
A: no striking features
a: no special abilities


You were on level 2 of the Dungeon.
You visited 1 branch of the dungeon, and saw 2 of its levels.

You collected 159 gold pieces.


   Skills:
 - Level 1.5 Fighting
 + Level 6.7 Ranged Weapons
 - Level 2.4 Dodging
 - Level 1.2 Stealth


You had 2 spell levels left.
You didn't know any spells.
Your spell library was empty.

Inventory:

Hand Weapons
 c - a +1 hand cannon of freezing (weapon)
Armour
 b - a +0 pair of boots (worn)
 f - a +0 ring mail (worn)
Jewellery
 h - a +5 ring of evasion (left hand)
Scrolls
 k - a scroll of teleportation
Potions
 g - a potion of degeneration {unknown}
 i - a potion of brilliance {unknown}
 j - a potion of mutation {unknown}

Dungeon Overview and Level Annotations

Branches:
Dungeon (2/15)

Altars:


Message History

1616 ||| READING 2 scrolls labelled UDINUT SIGROCS.
As you read the scroll labelled UDINUT SIGROCS, it crumbles to dust.
It is a scroll of amnesia.
You feel forgetful for a moment.
Done exploring.
1617 ||| READING 2 scrolls labelled EFEAMOUMNA.
The air fills with toxic fumes!
As you read the scroll labelled EFEAMOUMNA, it crumbles to dust.
It was a scroll of poison.
Done exploring.
1618 ||| DROPPING scroll of amnesia.
You drop a scroll of amnesia.
Done exploring.
1619 ||| DROPPING scroll of poison.
You drop a scroll of poison.
Done exploring.
What level of the Dungeon? (default 2, ? - help) Sorry, I don't know how to get there.
Enter note:
Enter note:
Enter note:
Enter note:
Enter note:
Enter note:
Enter note:
Enter note:
Enter note:
Enter note:
Enter note:
Enter note: You are engulfed in poison gas.
You are lethally poisoned!
You feel very sick.
1621 ||| Stepping ~*~*~tactically~*~*~ (cloud).
You feel very sick.
Things that are here:
a scroll of poison; a scroll of amnesia; a +0 shortbow
There is a lethal amount of poison in your body!
You feel very sick.
There is a lethal amount of poison in your body!
You feel very sick.
There is a lethal amount of poison in your body!
You die...

########### #¤0@¤¤¤¤¤0#
#0#######¤# #.# #.# #.#
#.# #.# #.#
##############.#######.##
.......................>#
######..........####+#.###
#####..........# #......#


There were no monsters in sight!

Vanquished Creatures
  A dart slug (D:2)
  A ribbon worm (D:2)
  3 orcs (D:2)
  5 ball pythons
  An endoplasm (D:1)
  4 goblins
  A hobgoblin (D:2)
  A quokka (D:2)
  2 bats (D:2)
  A frilled lizard (D:1)
  2 kobolds
  6 rats
28 creatures vanquished.

Notes
Turn   | Place    | Note
-------+----------+-------------------------------------------
     0 | D:1      | qw the Deep Elf Hunter began the quest for the Orb.
     0 | D:1      | Reached XP level 1. HP: 12/12 MP: 3/3
     0 | D:1      | 0 ||| qw: Version: 0.3-a-160-g5e54788
     0 | D:1      | 0 ||| qw: Game counter: 4313
     0 | D:1      | 0 ||| qw: Melee chars always use a shield: true
     0 | D:1      | 0 ||| qw: God list: Okawaru
     0 | D:1      | 0 ||| qw: Allow faded altars: false
     0 | D:1      | 0 ||| qw: Do Orc after clearing Dungeon:15 true
     0 | D:1      | 0 ||| qw: Do second Lair branch before Depths: true
     0 | D:1      | 0 ||| qw: Lair rune preference: random
     0 | D:1      | 0 ||| qw: Goals: Normal
     0 | D:1      | 0 ||| PLANNING D:1-11
   152 | D:1      | Reached XP level 2. HP: 16/16 MP: 4/4
   385 | D:1      | Reached skill level 6 in Ranged Weapons
   559 | D:1      | 559 ||| UPGRADING to +0 ring mail.
   569 | D:1      | 569 ||| DROPPING +0 leather armour.
   570 | D:1      | 570 ||| READING scroll labelled MOVVETROSOLL.
   575 | D:1      | 575 ||| READING 2 scrolls labelled FAEREF IMEPHAE.
   576 | D:1      | 576 ||| READING scroll labelled TUAGURI LEUHI.
   577 | D:1      | 577 ||| READING scroll labelled UGRIHOMOAFF.
   578 | D:1      | 578 ||| DROPPING scroll of butterflies.
   579 | D:1      | 579 ||| DROPPING scroll of noise.
   756 | D:2      | 756 ||| FLEEEEING.
  1116 | D:2      | 1116 ||| RETREEEEATING.
  1119 | D:2      | 1119 ||| RETREEEEATING.
  1122 | D:2      | 1122 ||| RETREEEEATING.
  1129 | D:2      | HP: 4/16 [orc/+0 hand axe (3)]
  1131 | D:2      | HP: 1/16 [orc/+0 hand axe (3)]
  1133 | D:2      | Reached XP level 3. HP: 2/20 MP: 5/5
  1505 | D:2      | 1505 ||| UPGRADING to +0 pair of boots.
  1510 | D:2      | 1510 ||| UPGRADING to +5 ring of evasion.
  1511 | D:2      | 1511 ||| READING scroll labelled OTE MEOFRI.
  1612 | D:2      | 1612 ||| READING scroll labelled HEUSTR ZORIL.
  1612 | D:2      | Identified a scroll of acquirement
  1612 | D:2      | 1612 ||| ACQUIRING +1 hand cannon of freezing
  1612 | D:2      | Acquired a +1 hand cannon of freezing
  1614 | D:2      | 1614 ||| SWAPPING to +1 hand cannon of freezing.
  1615 | D:2      | 1615 ||| DROPPING +0 shortbow.
  1616 | D:2      | 1616 ||| READING 2 scrolls labelled UDINUT SIGROCS.
  1617 | D:2      | 1617 ||| READING 2 scrolls labelled EFEAMOUMNA.
  1618 | D:2      | 1618 ||| DROPPING scroll of amnesia.
  1619 | D:2      | 1619 ||| DROPPING scroll of poison.
  1621 | D:2      | 1621 ||| Stepping ~*~*~tactically~*~*~ (cloud).
  1622 | D:2      | HP: 4/20 [poisoned by you (poison gas)]
  1623 | D:2      | HP: 1/20 [poisoned by you (poison gas)]
  1624 | D:2      | Succumbed to their own poison gas

Levels and vault maps discovered:
D:1:      eino_arrival_water_star, layout_loops_cross, feat_on_display
D:2:      layout_basic, kennysheep_nub

Skill      XL: |  1  2 |
---------------+-------+-----
Ranged Weapons | 6 |  6.7
Fighting       | |  1.5
Dodging        | |  2.4
Stealth        | |  1.2

Action                     || total
---------------------------++-------
   Fire: Shortbow          ||    82
    Use: Scroll            ||     8
 Armour: Ring mail         ||    15
         Leather armour    ||     2
  Dodge: Dodged            ||     8

Table legend:
 A = Non-vault XP
 B = Vault XP
 C = Vault XP percentage of total XP
 D = Non-vault monster count
 E = Vault monster count
 F = Vault count percentage of total count
                 A         B        C        D         E       F
            +---------+---------+-------+---------+---------+-------
      Total |      48 |       0 |   0.0 |      28 |       0 |   0.0
            +---------+---------+-------+---------+---------+-------
        D:1 |      15 |       0 |   0.0 |      11 |       0 |   0.0
        D:2 |      33 |       0 |   0.0 |      17 |       0 |   0.0
            +---------+---------+-------+---------+---------+-------
